 Dungeon Crawl Stone Soup version 0.31-a0-1071-gaead2f62b1 (webtiles) character file.

Game seed: 14047186623132007798

5172 sammy202020 the Blocker (level 10, -1/136 HPs)
             Began as a Minotaur Fighter on Nov 25, 2023.
             Was an Initiate of Gozag.
             Slain by a scorpion (2 damage)
             ... summoned by Amaemon
             ... on level 8 of the Dungeon.
             The game lasted 00:13:27 (7977 turns).

sammy202020 the Blocker (Minotaur Fighter)          Turns: 7977, Time: 00:13:29

Health: -1/136     AC: 12    Str: 20    XL:     10   Next: 34%
Magic:  9/9        EV: 13    Int:  9    God:    Gozag
Gold:   974        SH:  7    Dex: 11    Spells: 9/9 levels left

rFire   . . .        a - +0 war axe (flame)
rCold   . . .        c - +1 buckler
rNeg    . . .        B - +1 acid dragon scales
rPois   .            (helmet restricted)
rElec   .            m - +0 cloak
rCorr   +            (no gloves)
SInv    .            j - +0 pair of boots
Will    .....        (no amulet) Stlth
                     n - ring of resist corrosion
HPRegen 0.42/turn    (no ring)
MPRegen 0.11/turn

%: no passive effects
@: berserking, lethally poisoned (-1 -> -28), very quick
A: horns 2, retaliatory headbutt
a: Renounce Religion, Potion Petition, Call Merchant, Bribe Branch


You were on level 8 of the Dungeon.
You worshipped Gozag.
Gozag was pleased with you.
You visited 1 branch of the dungeon, and saw 8 of its levels.

You collected 1095 gold pieces.
You paid 121 gold pieces to Gozag.

Inventory:

Hand Weapons
 a - a +0 war axe of flaming (weapon)
 i - a +0 sling of electrocution
 w - a +3 morningstar of freezing
Missiles
 r - 3 boomerangs
Armour
 c - a +1 buckler (worn)
 h - a +0 cloak
 j - a +0 pair of boots (worn)
 m - a +0 cloak (worn)
 B - +1 acid dragon scales (worn)
Jewellery
 n - a ring of resist corrosion (left hand)
Wands
 o - a wand of flame (86)
 t - a wand of polymorph (10)
 v - a wand of iceblast (7)
Scrolls
 b - a scroll of revelation
 g - 4 scrolls of teleportation
 l - 4 scrolls of vulnerability
 p - 7 scrolls of identify
 s - a scroll of fear {unknown}
 u - a scroll of fog
 x - a scroll of enchant weapon {unknown}
 z - 2 scrolls of enchant armour
Potions
 d - a potion of might
 e - a potion of haste
 f - a potion of brilliance
 k - 2 potions of enlightenment


   Skills:
 * Level 9.4 Fighting
 * Level 9.0 Axes
 * Level 9.4 Armour
 + Level 5.5 Dodging
 * Level 9.5 Shields


You had 9 spell levels left.
You didn't know any spells.
Your spell library contained the following spells:

 Spells                   Type           Power      Damage    Failure   Level
 Ensorcelled Hibernation  Hex/Ice        0%         N/A       65%         2
 Jinxbite                 Hex            0%         N/A       65%         2
 Lesser Beckoning         Tloc           0%         N/A       65%         2
 Gell's Gravitas          Tloc           0%         N/A       87%         3
 Stone Arrow              Conj/Erth      0%         3d7       87%         3
 Teleport Other           Tloc           0%         N/A       87%         3
 Anguish                  Hex/Necr       0%         N/A       99%         4
 Animate Armour           Summ/Erth      0%         N/A       99%         4
 Lehudib's Crystal Spear  Conj/Erth      0%         10d2      100%        8


Dungeon Overview and Level Annotations

Branches:
Dungeon (8/15)             Temple (0/1) D:6
   Lair: D:8-11

Altars:
Ashenzari
Fedhas
Gozag
Kikubaaqudgha
Ru
Sif Muna
Uskayaw
Wu Jian
Xom
Zin

Shops:
D:5 [   D:6 (

Annotations:
D:8 Amaemon


Innate Abilities, Weirdness & Mutations

You have a pair of horns on your head.
You reflexively headbutt those who attack you in melee.


Message History

Amaemon casts a spell at the orange demon.
The orange demon seems to grow toxic.
The orange demon stings you from afar!
You hit Amaemon. You burn Amaemon. Your headbutt misses Amaemon.
Amaemon is moderately wounded.
You slash the scorpion! You burn the scorpion.
You hit the scorpion but do no damage. x2
You feel very sick. You block the scorpion's attack.
The scorpion stings you but does no damage. x2
Amaemon gestures at the scorpion while chanting.
The scorpion seems to grow toxic.
The orange demon stings you from afar. The scorpion stings you.
You block the scorpion's attack.
The scorpion stings you but does no damage.
You hit Amaemon. You burn Amaemon.
Amaemon is moderately wounded.
You barely miss the scorpion. You hit the scorpion. You burn the scorpion.
You hit the scorpion but do no damage.
You feel very sick.
Amaemon hits you with a +0 demon whip of venom!
Amaemon claws you.
Amaemon tail-slaps you but does no damage.
The orange demon stings you from afar.
The scorpion stings you but does no damage.
The scorpion closely misses you. The scorpion stings you.
* * * LOW HITPOINT WARNING * * *
You are more poisoned.
The scorpion poisons you! The orange demon stings you from afar.
* * * LOW HITPOINT WARNING * * *
Amaemon hits you with a +0 demon whip of venom!
* * * LOW HITPOINT WARNING * * *
You are more poisoned.
You block Amaemon's attack. Amaemon barely misses you.
A red film seems to cover your vision as you go berserk!
You feel yourself moving faster!
You feel mighty!
* * * LOW HITPOINT WARNING * * *
You feel extremely sick.
The scorpion stings you but does no damage.
The scorpion stings you.
You die...
Your body crumbles into a pile of gold.

### ....###### ###
.....4s..#######.#
......6@###......##
......ss..........#
.......##########.##
### ......# #..###..
.....# ##..#...
...## ##..... ..#
#..... # .. ##
##.... .####. ##....


You could see Amaemon, an orange demon (curare) and 3 scorpions.

Vanquished Creatures
  Pikel (D:4)
  Maurice (D:7)
  Maggie (D:6)
  A steam dragon (D:6)
  An orc warrior (D:7)
  An ice beast (D:3)
  3 ogres
  3 sky beasts
  2 centaurs
  3 phantoms
  11 kobold brigands
  Blork the orc (D:6)
  3 bullfrogs
  2 lemures (D:4)
  2 scorpions (D:5)
  10 wights
  Dowan (D:4)
  5 howler monkeys
  4 hounds
  3 orc priests
  Crazy Yiuf (D:3)
  2 gnoll boudas
  3 iguanas
  4 orc wizards
  18 gnolls
  8 adders
  A shadow imp (D:6)
  2 worms
  2 dart slugs
  19 orcs
  3 endoplasms
  3 giant cockroaches
  5 goblins
  10 hobgoblins
  6 jackals
  2 quokkas
  3 ball pythons
  3 bats
  5 frilled lizards
  40 kobolds
  7 rats
206 creatures vanquished.

Vanquished Creatures (others)
  Duvessa (D:4)
1 creature vanquished.

Grand Total: 207 creatures vanquished

Notes
Turn   | Place    | Note
-------+----------+-------------------------------------------
     0 | D:1      | sammy202020 the Minotaur Fighter began the quest for the
                  | Orb.
     0 | D:1      | Reached XP level 1. HP: 19/19 MP: 0/0
   238 | D:1      | Reached XP level 2. HP: 27/27 MP: 1/1
   537 | D:2      | Reached XP level 3. HP: 33/33 MP: 2/2
   561 | D:2      | Reached skill level 1 in Dodging
   562 | D:2      | Reached XP level 4. HP: 15/40 MP: 3/3
  1086 | D:2      | Found a faded altar of an unknown god.
  1382 | D:3      | Found a runed translucent door.
  1383 | D:3      | Noticed Crazy Yiuf
  1393 | D:3      | Killed Crazy Yiuf
  1502 | D:3      | Noticed an ice beast
  1510 | D:3      | Killed an ice beast
  1511 | D:3      | Reached XP level 5. HP: 15/47 MP: 4/4
  1863 | D:3      | Found an ornate altar of the Wu Jian Council.
  1863 | D:3      | Found a shimmering blue altar of Sif Muna.
  1986 | D:3      | Found a glowing silver altar of Zin.
  2197 | D:3      | Reached skill level 5 in Shields
  2521 | D:3      | Found a hide-covered altar of Uskayaw.
  2602 | D:4      | Reached XP level 6. HP: 47/55 MP: 5/5
  2665 | D:4      | Reached skill level 5 in Fighting
  2779 | D:4      | Noticed Dowan
  2781 | D:4      | Noticed Duvessa
  2792 | D:4      | Killed Duvessa
  2793 | D:4      | Reached skill level 5 in Armour
  2801 | D:4      | Killed Dowan
  2946 | D:4      | Found an ancient bone altar of Kikubaaqudgha.
  2959 | D:4      | Noticed Pikel
  2978 | D:4      | Killed Pikel
  2979 | D:4      | Reached skill level 5 in Axes
  2979 | D:4      | Reached XP level 7. HP: 27/63 MP: 6/6
  3117 | D:4      | Found an opulent altar of Gozag.
  3123 | D:4      | Found an opulent altar of Gozag.
  3123 | D:4      | Found an opulent altar of Gozag.
  3137 | D:4      | Found an opulent altar of Gozag.
  3375 | D:4      | Reached XP level 8. HP: 71/71 MP: 7/7
  4161 | D:4      | Became a worshipper of Gozag Ym Sagoz the Greedy
  4173 | D:5      | Entered Level 5 of the Dungeon
  4217 | D:5      | Found Usun's Antique Armour Shoppe.
  4395 | D:5      | Reached XP level 9. HP: 68/79 MP: 8/8
  5205 | D:6      | Found a staircase to the Ecumenical Temple.
  5246 | D:6      | Noticed Blork the orc
  5251 | D:6      | Killed Blork the orc
  5285 | D:6      | Found Ymel's Antique Weapon Shop.
  5899 | D:6      | Noticed Maggie
  5916 | D:6      | Killed Maggie
  5917 | D:6      | Reached skill level 5 in Dodging
  6295 | D:7      | Found a shimmering altar of Xom.
  6380 | D:7      | Reached XP level 10. HP: 87/90 MP: 9/9
  6470 | D:7      | Noticed Maurice
  6480 | D:7      | Maurice stole a +0 sling of electrocution
  6491 | D:7      | Maurice stole 3 boomerangs
  6498 | D:7      | Maurice stole 71 gold
  6499 | D:7      | Maurice stole 587 gold
  6501 | D:7      | Something stole 44 gold
  6636 | D:7      | Killed Maurice
  6726 | D:7      | Found a sacrificial altar of Ru.
  6878 | D:7      | Found a blossoming altar of Fedhas.
  6878 | D:7      | Found a broken altar of Ashenzari.
  7967 | D:8      | Noticed Amaemon
  7968 | D:8      | Noticed an orange demon
  7977 | D:8      | HP: 1/136 [poisoned by Amaemon]
  7977 | D:8      | Slain by a scorpion

Illustrated notes

Levels and vault maps discovered:
D:1:      mushboom_english_gardens, layout_basic, minmay_misc_feat_alley
D:2:      layout_rooms, hellmonk_ecumenical_altar_lost_god
D:3:      layout_basic, nicolae_overflow_hidden_temple, lemuel_tele_altar,
          gammafunk_temple_overflow_wave, uniq_crazy_yiuf_cottage
D:4:      minmay_goblin_kobold_castle, layout_basic,
          nicolae_gozag_conspicuous_consumption, kiku_gazebo_garden_becter,
          trog_ov_bears_minmay, uniq_pikel, uniq_duvessa, uniq_edmund
D:5:      layout_gridville, nicolae_wooded_promenade
D:6:      minmay_razor_zed, layout_loops_ring, minmay_temple_entry_offerings,
          serial_shops, shop, st_stairs_3, uniq_blork_the_orc, uniq_maggie
D:7:      layout_rooms, mainiacjoe_overflow_cross_hatched,
          overflow_temple_1_default, gammafunk_temple_overflow_statue,
          uniq_maurice
D:8:      layout_cave_pods, uniq_amaemon

Skill      XL: |  1  2  3  4  5  6  7  8  9 10 |
---------------+-------------------------------+-----
Shields        | 4 5 6 7 9 |  9.5
Fighting       | 4 6 7 8 9 |  9.4
Axes           | 3 4 5 7 8 9 |  9.0
Armour         | 4 6 7 8 9 |  9.4
Dodging        | 1 3 4 5 |  5.5

Action                     |  1- 3 |  4- 6 |  7- 9 | 10-12 || total
---------------------------+-------+-------+-------+-------++-------
  Melee: War axe           |    43 |   137 |   342 |    85 ||   607
         Headbutt          |     3 |    18 |    50 |     9 ||    80
         Unarmed           |       |       |       |    16 ||    16
    Use: Scroll            |     3 |     5 |     2 |     3 ||    13
         Potion            |       |       |     6 |     4 ||    10
   Stab: Distracted        |       |       |     1 |       ||     1
         Confused          |       |       |       |     1 ||     1
 Armour: Scale mail        |    39 |    71 |       |       ||   110
         Ring mail         |       |    32 |   204 |       ||   236
         Acid dragon scale |       |       |    18 |    71 ||    89
         Skin              |       |       |       |    10 ||    10
  Dodge: Dodged            |    28 |    58 |   179 |    69 ||   334
  Block: Buckler           |     9 |    41 |   123 |    35 ||   208

Table legend: (Time is in decaauts)
 A = Elapsed time spent in this place.
 B = Non-inter-level travel time spent in this place.
 C = Inter-level travel time spent in this place.
 D = Time resting spent in this place.
 E = Time spent auto-exploring this place.
 F = Levels seen in this place.
 G = Mean time per level.
                   A        B        C        D        E       F      G
               +--------+--------+--------+--------+--------+-----+--------+
         Total |   8091 |   7999 |     92 |   1003 |   5293 |   8 | 1011.4 |
       Dungeon |   8091 |   7999 |     92 |   1003 |   5293 |   8 | 1011.4 |
               +--------+--------+--------+--------+--------+-----+--------+

Top non-repeatable levels by time:
     D:4: 1629 daAuts
     D:3: 1273 daAuts
     D:6: 1144 daAuts
     D:7: 1017 daAuts
     D:5: 927 daAuts
     D:2: 861 daAuts
     D:8: 735 daAuts
     D:1: 501 daAuts
